 Dungeon Crawl Stone Soup version 0.22-a0-392-g5dc3fd9 (webtiles) character file.

56 DrEnzyme the Skirmisher (level 3, -1/33 HPs)
             Began as a Draconian Fighter on May 1, 2018.
             Slain by Ijyb
             ... wielding a +4 dagger of flaming
              (3 damage)
             ... on level 2 of the Dungeon.
             The game lasted 00:09:05 (2599 turns).

DrEnzyme the Skirmisher (Draconian Fighter)         Turns: 2599, Time: 00:09:06

Health: -1/33      AC:  5    Str: 19    XL:     3   Next: 71%
Magic:  3/3        EV: 10    Int:  8    God:
Gold:   107        SH:  9    Dex: 10    Spells: 2/2 levels left

rFire    . . .     SeeInvis .   a - +0 long sword
rCold    + . .     Gourm    .   b - +0 shield
rNeg     . . .     Faith    .   (armour unavailable)
rPois    .         Spirit   .   (helmet restricted)
rElec    .         Reflect  .   (no cloak)
rCorr    .         Harm     .   (no gloves)
MR       .....                  (no boots)
Stlth    +.........             (no amulet)
HPRegen  0.11/turn              (no ring)
MPRegen  0.08/turn              g - ring of protection from cold

@: no status effects
A: unfitting armour, cold-blooded, AC +5
a: no special abilities


You were on level 2 of the Dungeon.
You were not hungry.

You visited 1 branch of the dungeon, and saw 3 of its levels.

You collected 107 gold pieces.

Inventory:

Hand Weapons
 a - a +0 long sword (weapon)
Armour
 b - a +0 shield (worn)
Jewellery
 g - a ring of protection from cold (right hand)
 l - a -3 ring of intelligence
Scrolls
 c - a scroll of enchant weapon {unknown}
 f - 3 scrolls of identify
 h - 2 scrolls of teleportation
 k - a scroll of immolation
Potions
 i - a potion of agility {unknown}
 j - a potion of haste {unknown}
Comestibles
 d - a ration
 m - a chunk of flesh


   Skills:
 + Level 3.8 Fighting
 + Level 2.8 Long Blades
 + Level 3.0 Dodging
 * Level 0.6 Stealth
 * Level 3.3 Shields


You had 2 spell levels left.
You didn't know any spells.

Dungeon Overview and Level Annotations

Branches:
Dungeon (3/15)

Altars:
Ru
Xom

Annotations:
D:2 Ijyb
D:3 Sigmund


Innate Abilities, Weirdness & Mutations

Your plain brown scales are hard. (AC +5)
You cannot fit into any form of body armour.
You are cold-blooded and may be slowed by cold attacks.


Message History

Ijyb zaps a wand.
You resist with significant effort.
You bump into the rock wall.
Ijyb hits you but does no damage.
Ijyb zaps a wand.
You resist with significant effort.
You bump into the rock wall.
Ijyb zaps a wand.
You resist with significant effort.
You're too confused!
You bump into the rock wall.
You feel less confused.
You miss Ijyb.
Ijyb zaps a wand.
You resist with significant effort. Ijyb barely misses you.
You riposte.
You hit Ijyb.
Ijyb is moderately wounded.
You hit Ijyb but do no damage.
Ijyb is moderately wounded.
Ijyb hits you with a dagger of flaming.
* * * LOW HITPOINT WARNING * * *
Ijyb burns you.
* * * LOW HITPOINT WARNING * * *
Ijyb hits you with a dagger of flaming.
You die...

..............(......'.........'.
#...##.######.....#.##.........##
##[###.# #.##.##.###.......##
###...# #.#####.# ##.....## #.###
#.......# ##...## #.# #.#######
##'## #.# #.# #.# #.# #####.#####
#.# #.# #.......@.# ##.###### #.#
#.###.###g# ##...#.... #.# #.#
#.# #.# ####...>..### ####.# #.#
#.# #.# #...#...#.# .....# #.#
#.###.###...##.##.# ###### #.#
#.>.........#####.# #.#
#####.####........# #.#######.#
########## #.........#


You could see Ijyb.

Vanquished Creatures
  An adder (D:2)
  A worm (D:3)
  2 dart slugs
  A leopard gecko (D:2)
  An orc (D:3)
  3 giant cockroaches
  4 goblins
  5 hobgoblins (D:1)
  3 jackals (D:1)
  A ball python (D:3)
  3 bats (D:1)
  3 frilled lizards
  4 kobolds
  6 rats
38 creatures vanquished.

Notes
Turn   | Place    | Note
-------+----------+-------------------------------------------
     0 | D:1      | DrEnzyme the Draconian Fighter began the quest for the Orb.
     0 | D:1      | Reached XP level 1. HP: 19/19 MP: 1/1
   263 | D:1      | Reached XP level 2. HP: 26/26 MP: 2/2
   682 | D:2      | Found a shimmering altar of Xom.
   770 | D:2      | Reached XP level 3. HP: 13/33 MP: 3/3
  1237 | D:2      | Found a sacrificial altar of Ru.
  2109 | D:3      | Noticed Sigmund
  2482 | D:3      | Noticed Ijyb
  2599 | D:2      | Slain by Ijyb

Vault maps used:
D:1:      scummos_arrival_simple_fountains
D:2:      nicolae_ru_path_of_blood, grunt_decor_fettered, xom_teletrap_fun
D:3:      uniq_ijyb, uniq_robin, uniq_sigmund

Skill      XL: |  1  2 |
---------------+-------+-----
Dodging        | 3 |  3.0
Fighting       | |  3.8
Long Blades    | |  2.8
Stealth        | |  0.6
Shields        | |  3.3

Action                   || total
-------------------------++-------
Melee: Long sword        ||   104
       Tailslap          ||    11
  Use: Potion            ||     2
       Scroll            ||     3
 Stab: Sleeping          ||     3
  Eat: Chunk             ||     2
       Ration            ||     1
Armor: Skin              ||    28
Dodge: Dodged            ||    57
Block: Shield            ||    43
       Rpst.: Long sword ||    22

Table legend:
 A = Spawn XP
 B = Non-spawn XP
 C = Spawn XP percentage of total XP
 D = Spawn monster count
 E = Non-spawn monster count
 F = Spawn count percentage of total count
 G = Total turns spent on level
                    A         B        C        D         E        F      G
               +---------+---------+-------+---------+---------+-------+---------
         Total |       0 |      81 |   0.0 |       0 |      38 |   0.0 |  2599
               +---------+---------+-------+---------+---------+-------+---------
           D:1 |       0 |      37 |   0.0 |       0 |      22 |   0.0 |   652
           D:2 |       0 |      27 |   0.0 |       0 |       7 |   0.0 |  1246
           D:3 |       0 |      17 |   0.0 |       0 |       9 |   0.0 |   701
               +---------+---------+-------+---------+---------+-------+---------
